 Dungeon Crawl Stone Soup version 0.28-a0-661-g144af121cd (webtiles) character file.

Game seed: 14392127156095957512

2319 KristoblXynda the Slicer (level 9, -3/56 HPs)
             Began as a Kobold Fighter on Oct 14, 2021.
             Slain by an orc (4 damage)
             ... on level 7 of the Dungeon.
             The game lasted 00:07:35 (6172 turns).

KristoblXynda the Slicer (Kobold Fighter)           Turns: 6172, Time: 00:07:36

Health: -3/56      AC: 13    Str: 16    XL:     9   Next: 69%
Magic:  9/9        EV: 17    Int: 10    God:
Gold:   186        SH: 11    Dex: 14    Spells: 8/8 levels left

rFire   . . .      SeeInvis .   a - +2 rapier (venom)
rCold   . . .      Faith    .   c - +0 buckler
rNeg    . . .      Spirit   .   h - +0 leather armour
rPois   .          Reflect  +   i - +2 helmet
rElec   .          Harm     .   (no cloak)
rCorr   .          Rampage  .   w - +0 pair of gloves
Will    .....                   k - +1 pair of boots
Stlth   +++++.....              n - amulet of reflection
HPRegen 0.18/turn               r - +4 ring of protection
MPRegen 0.11/turn               (no ring)

@: no status effects
A: small, no large weapons, nightstalker 3, robust 1
a: no special abilities


You were on level 7 of the Dungeon.
You visited 1 branch of the dungeon, and saw 7 of its levels.

You collected 186 gold pieces.

Inventory:

Hand Weapons
 a - a +2 rapier of venom (weapon)
Armour
 c - a +0 buckler (worn)
 h - a +0 leather armour (worn)
 i - a +2 helmet (worn)
 k - a +1 pair of boots (worn)
 w - a +0 pair of gloves (worn)
Jewellery
 l - a ring of flight
 n - an amulet of reflection (around neck)
 r - a +4 ring of protection (left hand)
 t - a ring of fire
Wands
 z - a wand of acid (2)
Scrolls
 b - a scroll of brand weapon
 e - a scroll of fog
 f - a scroll of summoning
 g - a scroll of teleportation
 j - 2 scrolls of immolation
 o - 2 scrolls of enchant armour
 p - 2 scrolls of blinking
 q - 2 scrolls of amnesia
 s - a scroll of enchant weapon
 v - a scroll of acquirement {unknown}
Potions
 d - a potion of might
 m - 2 potions of haste
 u - 3 potions of flight


   Skills:
 - Level 3.2 Fighting
 + Level 8.5 Short Blades
 - Level 2.6 Armour
 + Level 7.1 Dodging
 + Level 8.4 Stealth
 + Level 5.7 Shields


You had 8 spell levels left.
You didn't know any spells.
Your spell library contained the following spells:

 Spells                   Type           Power      Damage    Failure   Level
 Beastly Appendage        Tmut           0%         N/A       41%         1
 Wereblood                Tmut           0%         N/A       56%         2
 Spider Form              Tmut/Pois      0%         N/A       80%         3


Dungeon Overview and Level Annotations

Branches:
Dungeon (7/15)
 Temple: D:4-7

Altars:
Gozag
Xom
Zin
Beogh

Shops:
D:2 (   D:3 *


Innate Abilities, Weirdness & Mutations

You are small and have problems with some larger weapons.
You are completely attuned to the shadows.
You are robust. (+10% HP)


Message History

You see here a +0 chain mail.
An orc warrior and an orc wizard come into view.
Found a red potion.
The orc wizard shouts!
The orc shouts!
You block the orc's attack.
The orc warrior shouts!
The orc shouts!
You closely miss the orc.
An orc priest comes into view. It is wielding a +2 dagger of venom.
The orc closely misses you.
You puncture the orc!
You kill the orc!
The orc wizard points at you and mumbles some strange words.
The magic dart hits you!
You closely miss the orc warrior. The orc hits you but does no damage.
The orc warrior hits you with a +0 battleaxe!
You puncture the orc warrior!
The orc warrior is poisoned.
The orc warrior is moderately wounded.
The orc misses you.
The orc warrior hits you but does no damage.
You hit the orc warrior.
The orc warrior looks as sick as possible!
The orc warrior is moderately wounded.
The orc wizard closely misses you.
You closely miss the orc warrior.
The orc warrior is moderately wounded.
You block the orc's attack.
The orc warrior hits you but does no damage.
You block the orc wizard's attack.
The orc priest calls down the wrath of Beogh upon you.
Pain shoots through your body!
You see here a +0 chain mail.
The orc priest calls down the wrath of Beogh upon you.
Beogh smites you!
* * * LOW HITPOINT WARNING * * *
The orc priest invokes the aid of Beogh against you.
Beogh smites you!
* * * LOW HITPOINT WARNING * * *
There is a stone staircase leading up here.
The orc hits you with a +0 whip.
You die...

####.....
.........
!..)..... .
.#...# .#
.....[###.#. .#
..##...........
. ##.#o####..#
#..oo.....#
?.....o@....
.$..........
###########.


You could see an orc warrior (very poisoned), an orc priest, an orc wizard and
an orc.

Vanquished Creatures
  A two-headed ogre (D:6)
  An unseen horror (D:5)
  Grinder (D:5)
  Prince Ribbit (D:5)
  A black bear (D:4)
  A necrophage (D:6)
  2 ogres (D:5)
  A phantom (D:6)
  A scorpion (D:5)
  A wyvern skeleton (D:7)
  A howler monkey (D:2)
  A bullfrog skeleton (D:6)
  A jelly (D:4)
  Ijyb (D:5)
  An iguana (D:5)
  4 orc wizards (D:5)
  2 hound skeletons (D:4)
  A howler monkey skeleton (D:4)
  6 adders
  10 gnolls
  2 ufetubi
  2 worms
  5 dart slugs
  25 orcs
  2 ball pythons (D:2)
  2 endoplasms (D:4)
  4 giant cockroaches
  2 goblins (D:4)
  7 hobgoblins
  4 kobolds
  2 quokkas
  6 bats
  3 frilled lizards (D:1)
  7 rats
112 creatures vanquished.

Notes
Turn   | Place    | Note
-------+----------+-------------------------------------------
     0 | D:1      | KristoblXynda the Kobold Fighter began the quest for the
                  | Orb.
     0 | D:1      | Reached XP level 1. HP: 14/14 MP: 1/1
    78 | D:1      | Reached XP level 2. HP: 16/19 MP: 2/2
   328 | D:1      | Reached skill level 1 in Dodging
   959 | D:1      | Reached XP level 3. HP: 21/23 MP: 3/3
  1108 | D:1      | Found a faded altar of an unknown god.
  1520 | D:2      | Reached skill level 1 in Stealth
  1520 | D:2      | Reached XP level 4. HP: 26/28 MP: 4/4
  1636 | D:2      | Gained mutation: You are covered in fur. (AC +1) [potion of
                  | mutation]
  1636 | D:2      | Gained mutation: You are clumsy. (Dex -2) [potion of
                  | mutation]
  1636 | D:2      | Gained mutation: You have sharp toenails. [potion of
                  | mutation]
  1638 | D:2      | Lost mutation: You are clumsy. (Dex -2) [potion of
                  | mutation]
  1638 | D:2      | Lost mutation: You are covered in fur. (AC +1) [potion of
                  | mutation]
  1638 | D:2      | Lost mutation: You have sharp toenails. [potion of
                  | mutation]
  1638 | D:2      | Gained mutation: You are robust. (+10% HP) [potion of
                  | mutation]
  1655 | D:2      | Reached XP level 5. HP: 12/35 MP: 5/5
  1951 | D:2      | Found Tobiocesk's Weapon Shoppe.
  2295 | D:3      | Found an opulent altar of Gozag.
  2295 | D:3      | Found Gozag's Platinum Reserve.
  2667 | D:3      | You fall into a shaft and drop 1 floor!
  2811 | D:4      | You fall into a shaft and drop 1 floor!
  2811 | D:5      | Entered Level 5 of the Dungeon
  2836 | D:5      | Noticed a black bear
  2843 | D:5      | Noticed Prince Ribbit
  3175 | D:4      | Reached XP level 6. HP: 40/40 MP: 6/6
  4134 | D:5      | Noticed an ogre
  4145 | D:4      | Killed a black bear
  4146 | D:4      | Reached skill level 5 in Short Blades
  4306 | D:5      | Reached XP level 7. HP: 41/45 MP: 7/7
  4314 | D:5      | Killed Prince Ribbit
  4371 | D:5      | Reached skill level 5 in Stealth
  4382 | D:5      | Reached XP level 8. HP: 48/50 MP: 8/8
  4425 | D:5      | Found a shimmering altar of Xom.
  4441 | D:5      | Reached skill level 5 in Dodging
  4488 | D:5      | Noticed Grinder
  4496 | D:5      | Killed Grinder
  4646 | D:5      | Noticed Ijyb
  4652 | D:5      | Killed Ijyb
  4928 | D:5      | Killed an unseen horror
  4929 | D:5      | Reached skill level 5 in Shields
  4929 | D:5      | Reached XP level 9. HP: 8/56 MP: 9/9
  5441 | D:5      | Found a glowing silver altar of Zin.
  5979 | D:6      | Noticed a two-headed ogre
  5983 | D:6      | Killed a two-headed ogre
  6170 | D:7      | HP: 1/56 [orc priest/divine providence (14)]
  6172 | D:7      | Slain by an orc

Illustrated notes

Levels and vault maps discovered:
D:1:      matt_arrival_refuge, layout_basic,
          hellmonk_ecumenical_altar_defaced_shrine, minmay_pentomino_z4
D:2:      layout_rooms, serial_shops, nicolae_shop_window_shopping,
          minmay_tiny_reverse_x
D:3:      layout_basic, nicolae_gozag_zags_fifth_avenue,
          nicolae_underground_beach
D:4:      layout_gridville, chequers_mini_garden
D:5:      layout_rooms, xom_teletrap_fun, mainiacjoe_overflow_six_doors_small,
          uniq_grinder, uniq_prince_ribbit1, uniq_ijyb
D:6:      layout_rooms
D:7:      layout_basic, minmay_temple_entry_proselytizer,
          biasface_ghost_orc_armoury

Skill      XL: |  1  2  3  4  5  6  7  8  9 |
---------------+----------------------------+-----
Short Blades   | 3 4 5 6 7 8 |  8.5
Dodging        | 1 2 3 4 6 7 |  7.1
Stealth        | 1 2 3 4 5 7 8 |  8.4
Shields        | 3 4 5 |  5.7
Fighting       | |  3.2
Armour         | |  2.6

Action                   |  1- 3 |  4- 6 |  7- 9 || total
-------------------------+-------+-------+-------++-------
Melee: Rapier            |    77 |   171 |   135 ||   383
Evoke: Wand              |       |       |     5 ||     5
  Use: Potion            |       |     4 |     4 ||     8
       Scroll            |       |    11 |     5 ||    16
 Stab: Sleeping          |     3 |     7 |     7 ||    17
       Distracted        |       |       |     1 ||     1
Armor: Scale mail        |    18 |       |       ||    18
       Leather armour    |    11 |    59 |    35 ||   105
       Skin              |       |       |    18 ||    18
Dodge: Dodged            |    44 |    99 |    52 ||   195
Block: Buckler           |    22 |    74 |    57 ||   153
       Reflection        |       |       |     1 ||     1

Table legend: (Time is in decaauts)
 A = Elapsed time spent in this place.
 B = Non-inter-level travel time spent in this place.
 C = Inter-level travel time spent in this place.
 D = Time resting spent in this place.
 E = Time spent auto-exploring this place.
 F = Levels seen in this place.
 G = Mean time per level.
                   A        B        C        D        E       F      G
               +--------+--------+--------+--------+--------+-----+--------+
         Total |   6171 |   5902 |    269 |   1153 |   3740 |   7 |  881.6 |
       Dungeon |   6171 |   5902 |    269 |   1153 |   3740 |   7 |  881.6 |
               +--------+--------+--------+--------+--------+-----+--------+

Top non-repeatable levels by time:
     D:1: 1478 daAuts
     D:5: 1402 daAuts
     D:4: 1177 daAuts
     D:3: 839 daAuts
     D:2: 741 daAuts
     D:6: 512 daAuts
     D:7: 19 daAuts
